 Dungeon Crawl Stone Soup version 0.28-a0-932-g843f935a50 (webtiles) character file.

Game seed: 14358879213401124236

68874 night the Warrior (level 15, -20/122 HPs)
             Began as a Djinni Fire Elementalist on Nov 26, 2021.
             Was a High Priest of Makhleb.
             Demolished by a minotaur (28 damage)
             ... in a Gauntlet on Nov 27, 2021.
             The game lasted 01:15:53 (25994 turns).

night the Warrior (Djinni Fire Elementalist)       Turns: 25994, Time: 01:15:53

Health: -20/122    AC: 13    Str:  3 (4)  XL:     15   Next: 71%
Gold:   1101       EV: 12    Int: 28      God:    Makhleb [*****.] SH:  5 Dex: 15 (16)

rFire   + + .      SeeInvis +   b - +11 hand axe of the Shining Light {spect, +Blink Fly Will- Int+5}
rCold   x . .      Faith    .   (no shield)
rNeg    + . .      Spirit   .   M - +2 robe of Impermeability {rPois Will- Slay+4 SInv}
rPois   ∞          Reflect  +   u - +0 helmet
rElec   .          Harm     .   F - +2 cloak of Nurhamod {Rampage rPois rN+}
rCorr   .          Rampage  +   x - +0 pair of gloves "Piwem" {Regen+ Dex+3 Stlth-}
Will    .....      NoTele   +   (boots unavailable)
Stlth   +.........              V - amulet of reflection
HPRegen 1.10/turn               i - +4 ring of protection
MPRegen 0.00/turn               S - +4 ring of slaying

@: flying
A: sickness immunity, fire resistance 2, cold vulnerability 1, float, innate
caster, hp casting, extra vitality 1, [weak 2], [subdued magic 1]
a: Renounce Religion, Evoke Blink, Minor Destruction, Lesser Servant of Makhleb,
Major Destruction, Greater Servant of Makhleb


You were in a Gauntlet.
You worshipped Makhleb.
Makhleb was extremely pleased with you.
You visited 3 branches of the dungeon, and saw 22 of its levels.
You also visited: Gauntlet and Volcano.

You collected 2981 gold pieces.
You spent 1880 gold pieces at shops.

Inventory:

Hand Weapons
 b - the +11 hand axe of the Shining Light (weapon) {spect, +Blink Fly Will- Int+5}
   (You found it on level 5 of the Dungeon)

   When its wielder attacks, the weapon's spirit leaps out and strikes again.
   The spirit shares a part of any damage it takes with its wielder.
   Int:       It affects your intelligence (+5).
   Fly:       It grants you flight.
   +Blink:    It lets you blink.
   Will:      It decreases your willpower.
 e - the +8 trident of the Octopus King {venom, rElec rPois Will+}
   (You bought it in a shop on level 6 of the Dungeon)

   It poisons the flesh of those it strikes.
   rElec:     It insulates you from electricity.
   rPois:     It protects you from poison.
   Will:      It increases your willpower.
 k - a +1 battleaxe of flaming
 Y - a +2 morningstar of protection
Armour
 a - the +1 pair of gloves of Devotion {rF+}
   (You found it in a Gauntlet)

   rF:        It protects you from fire.
 h - the +0 pair of gloves "Dubbonaz" {rF- rCorr Str+4 Slay+2}
   (You found it in a Gauntlet)

   Str:       It affects your strength (+4).
   Slay:      It affects your accuracy & damage with ranged weapons and melee
   (+2).
   rF:        It makes you vulnerable to fire.
   rCorr:     It protects you from acid and corrosion.
 n - a +3 leather armour of fire resistance
 u - a +0 helmet (worn)
 x - the +0 pair of gloves "Piwem" (worn) {Regen+ Dex+3 Stlth-}
   (You found it in a volcano)

   Dex:       It affects your dexterity (+3).
   Regen:     It increases your rate of health regeneration.
   Stlth:     It makes you less stealthy.
 F - the +2 cloak of Nurhamod (worn) {Rampage rPois rN+}
   (You found it in a Gauntlet)

   rPois:     It protects you from poison.
   rN:        It protects you from negative energy.
   Rampage:   It bestows one free step when moving towards enemies.
 M - the +2 robe of Impermeability (worn) {rPois Will- Slay+4 SInv}
   (You found it on level 8 of the Dungeon)

   Slay:      It affects your accuracy & damage with ranged weapons and melee
   (+4).
   rPois:     It protects you from poison.
   SInv:      It lets you see invisible.
   Will:      It decreases your willpower.
Jewellery
 f - a ring of positive energy
 g - a +4 ring of evasion
 i - a +4 ring of protection (left hand)
 l - a ring of wizardry
 G - a +6 ring of strength
 O - a ring of willpower
 Q - a ring of fire
 R - a ring of protection from cold
 S - a +4 ring of slaying (right hand)
 V - an amulet of reflection (around neck)
Wands
 t - a wand of iceblast (36)
 y - a wand of acid (4)
 C - a wand of mindburst (26)
 I - a wand of flame (45)
 K - a wand of paralysis (9)
 P - a wand of polymorph (16)
 Z - a wand of charming (9)
Scrolls
 m - 2 scrolls of blinking
 r - 5 scrolls of enchant armour
 v - 3 scrolls of teleportation
 B - 3 scrolls of magic mapping
 E - a scroll of summoning
 N - 3 scrolls of fog
 T - a scroll of enchant weapon
 W - 6 scrolls of identify
 X - a scroll of fear
Potions
 c - 4 potions of haste
 d - 3 potions of might
 o - 6 potions of invisibility
 p - 4 potions of mutation
 q - a potion of attraction
 w - 5 potions of curing
 z - a potion of cancellation
 A - 3 potions of ambrosia
 D - 2 potions of heal wounds
 J - a potion of resistance
 U - 4 potions of brilliance
Miscellaneous
 j - a piece from Xom's chessboard (15/15)
 s - a phantom mirror


   Skills:
 + Level 16.6 Fighting
 - Level 7.6(9.7) Axes
 - Level 5.1(7.1) Maces & Flails
 + Level 7.6(9.1) Polearms
 - Level 2.1 Dodging
 - Level 1.5 Stealth
 + Level 11.5 Spellcasting
 + Level 10.7 Invocations


You had one spell level left.
You knew the following spells:

 Your Spells              Type           Power      Damage    Failure   Level
a - Foxfire               Conj/Fire      100%       2x1d9     0%          1
b - Scorch                Fire           100%       2d10      1%          2
c - Conjure Flame         Conj/Fire      58%        6-21      1%          3
d - Inner Flame           Hex/Fire       58%        N/A       1%          3
e - Flame Wave            Conj/Fire      58%        3d11      1%          4
f - Pain                  Necr           100%       1d9       0%          1
g - Searing Ray           Conj           100%       2d8       1%          2
h - Poisonous Vapours     Pois/Air       100%       N/A       1%          2
i - Summon Guardian Gole  Hex/Summ       58%        N/A       1%          3
j - Petrify               Tmut/Erth      58%        N/A       1%          4
k - Lee's Rapid Deconstr  Erth           29%        3d16*     1%          5
l - Iron Shot             Conj/Erth      29%        9d6       3%          6
Your spell library was empty.

Dungeon Overview and Level Annotations

Branches:
Dungeon (15/15)            Temple (1/1) D:6            Lair (6/6) D:10
 Shoals (0/4) Lair:4       Spider (0/4) Lair:2        Slime (0/5) Lair:5
    Orc (0/2) D:12         Depths (0/4) D:15        Volcano (visited)
Gauntlet (1/1)
 Vaults: D:13-14

Altars:
Ashenzari
Cheibriados
Dithmenos
Elyvilon
Fedhas
Gozag
Hepliaklqana
Kikubaaqudgha
Makhleb
Nemelex Xobeh
Okawaru
Qazlal
Ru
Sif Muna
Trog
Uskayaw
Vehumet
Wu Jian
Xom
Yredelemnul
Zin
The Shining One
Beogh
Lugonu

Shops:
D:2 ?   D:4 !   D:5 *(*   D:6 (=!!(

Portals:
Abyss: Lair:6

Annotations:
D:4 3 runed translucent doors, kMk's ghost, amateur DjFE
D:8 3 runed translucent doors, Samael12321's ghost, novice DrCj
D:10 2 transporters, kae's ghost, novice DsBe Gauntlet 6 transporters


Innate Abilities, Weirdness & Mutations

You are immune to sickness and miasma.
You are immune to poison.
Your flesh is very heat resistant. (rF++)
You are vulnerable to cold. (rC-)
You float through the air rather than walking.
You learn spells naturally, not from books.
Your magical power is your life essence.
You have superior vitality. (+4 HP)
[You are very weak. (Str -4)]
[Your spells are a little easier to cast, but a little less powerful.]


Message History

Aiming: Petrify (safe; 1% risk of failure)
Press: ? - help, Shift-Dir - straight line, f - minotaur
Aim: a minotaur, wielding the +4 short sword "Uwuchuz" {chaos, rC+ Int+2}, wearing a +0 chain mail and quivering javelins (chance to affect: 13%)
The minotaur resists with almost no effort.
The minotaur throws a javelin.
The javelin pierces through you!!
Casting: Petrify (safe; 1% risk of failure)
Confirm with . or Enter, or press ? or * to list all spells.
Aiming: Petrify (safe; 1% risk of failure)
Press: ? - help, Shift-Dir - straight line, f/p - minotaur
Aim: a minotaur, wielding the +4 short sword "Uwuchuz" {chaos, rC+ Int+2}, wearing a +0 chain mail and quivering javelins (chance to affect: 13%)
The minotaur resists with almost no effort.
The minotaur throws a javelin.
The javelin misses you.
Casting: Petrify (safe; 1% risk of failure)
Confirm with . or Enter, or press ? or * to list all spells.
Aiming: Petrify (safe; 1% risk of failure)
Press: ? - help, Shift-Dir - straight line, f/p - minotaur
Aim: a minotaur, wielding the +4 short sword "Uwuchuz" {chaos, rC+ Int+2}, wearing a +0 chain mail and quivering javelins (chance to affect: 13%)
The minotaur resists with almost no effort.
Casting: Petrify (safe; 1% risk of failure)
Confirm with . or Enter, or press ? or * to list all spells.
Aiming: Petrify (safe; 1% risk of failure)
Press: ? - help, Shift-Dir - straight line, f/p - minotaur
Aim: a minotaur, wielding the +4 short sword "Uwuchuz" {chaos, rC+ Int+2}, wearing a +0 chain mail and quivering javelins (chance to affect: 13%)
The minotaur resists with almost no effort.
You rampage towards the minotaur!
You completely miss the minotaur.
The minotaur furiously retaliates!
The minotaur headbutts you, but does no damage.
The minotaur drinks a potion.
The minotaur seems to grow stronger.
You slash the minotaur!
The minotaur is moderately wounded.
You slash the minotaur!
The minotaur is moderately wounded.
The minotaur hits you with the +4 short sword "Uwuchuz" {chaos, rC+ Int+2}!!
The minotaur gores you.
You slash the minotaur!
The minotaur is heavily wounded.
The minotaur hits you with the +4 short sword "Uwuchuz" {chaos, rC+ Int+2}!!!
* * * LOW HITPOINT WARNING * * *
The minotaur freezes you!!
You die...

###..###########...###########.
#8#............................
###≈............≈∩≈............
#############################
#8# #§...............≈# #8# ###
#8.8.8..©.©..8.8.8# ###
#≈...............§#
###.#.#######.#.### #.#.@H.#
..#.# #.##.# ##.#.# #..........
#.#..##'##. #.#..# # ...# #8.#
####


You could see a minotaur (strong).

Vanquished Creatures
  4 boulder beetles
  7 hydras
  A catoblepas (Lair:3)
  A death knight (D:15)
  3 centaur warriors
  3 two-headed ogres
  3 death yaks (Lair:5)
  2 thrashing horrors (Lair:6)
  A wretched star (Gauntlet)
  Sonja (D:11)
  A death drake (Gauntlet)
  2 deep elf pyromancers (D:13)
  5 oklob plants (Lair:5)
  6 ugly things
  2 cyclopes
  A spectral centaur (Gauntlet)
  A manticore (D:13)
  3 salamanders (Volcano)
  7 black mambas
  2 smoke demons (Lair:6)
  2 centaur zombies (D:10)
  10 elephants
  A gargoyle (D:11)
  A spectral redback (Gauntlet)
  8 komodo dragons
  20 cane toads
  An unseen horror (D:8)
  2 ancient zymes (Lair:6)
  4 rime drakes
  A queen bee (Gauntlet)
  3 polar bears
  5 trolls
  Grinder (D:6)
  17 blink frogs
  4 slime creatures (D:14)
  13 dream sheep (Lair:6)
  A meliai zombie (Gauntlet)
  A large abomination (Lair:6)
  2 shadows
  2 wraiths
  A wyvern (Lair:4)
  A vampire (D:11)
  3 fire bats (Volcano)
  4 basilisks
  37 yaks
  Eustachio (D:4)
  4 chaos spawn (Lair:6)
  An acid dragon (D:9)
  14 water moccasins
  A hell hound (Volcano)
  A floating eye (shapeshifter) (Lair:6)
  An ice beast (D:7)
  5 orc warriors
  A sky beast (D:8)
  3 black bears
  4 ogres
  3 necrophages (D:6)
  16 centaurs
  6 wolves
  9 small abominations
  A kobold brigand (D:10)
  23 bullfrogs
  4 gnoll sergeants
  5 scorpions
  2 water moccasin zombies
  A wyvern skeleton (D:7)
  A water moccasin skeleton (D:6)
  14 killer bees
  9 wights
  4 electric eels
  9 howler monkeys
  2 bullfrog zombies
  4 crimson imps (D:5)
  3 jellies
  2 hounds
  Crazy Yiuf (D:6)
  3 centaur skeletons
  2 gnoll shamans
  8 orc priests
  3 bullfrog skeletons
  5 orc wizards
  4 iguanas
  2 killer bee zombies
  A howler monkey zombie (D:4)
  26 gnolls
  2 howler monkey skeletons (D:4)
  9 adders
  2 white imps (D:8)
  An ufetubus (D:5)
  An adder skeleton (D:4)
  A worm (D:4)
  A dart slug (D:2)
  23 orcs
  5 bats
  2 endoplasms (D:1)
  2 giant cockroaches (D:3)
  5 goblins
  3 hobgoblins
  4 jackals (D:2)
  A quokka (D:3)
  A ball python (D:3)
  3 frilled lizards
  10 kobolds
  6 rats
492 creatures vanquished.

Vanquished Creatures (collateral kills)
  A hydra (Lair:1)
  A foxfire (D:1)
2 creatures vanquished.

Vanquished Creatures (others)
  A centaur warrior (D:13)
  14 demonic plants (Gauntlet)
  180 foxfires
  39 fungi
  61 plants
  6 withered plants (D:15)
301 creatures vanquished.

Grand Total: 795 creatures vanquished

Notes
Turn   | Place    | Note
-------+----------+-------------------------------------------
     0 | D:1      | night the Djinni Fire Elementalist began the quest for the
                  | Orb.
     0 | D:1      | Reached XP level 1. HP: 15/15 MP: 0/0
   448 | D:1      | Reached skill level 1 in Fighting
   448 | D:1      | Reached XP level 2. HP: 9/22 MP: 0/0
   805 | D:1      | Found a faded altar of an unknown god.
  1236 | D:2      | Reached XP level 3. HP: 27/27 MP: 0/0
  1236 | D:2      | Learned a level 1 spell: Pain
  1462 | D:2      | Reached skill level 1 in Maces & Flails
  1654 | D:2      | Found Sujoer's Magic Scroll Shop.
  1659 | D:2      | Bought a scroll of blinking for 82 gold pieces
  1675 | D:2      | Reached XP level 4. HP: 28/33 MP: 0/0
  1856 | D:2      | Identified a scroll of acquirement
  1856 | D:2      | Acquired a manual of Fighting
  1895 | D:3      | Noticed a phantom
  1897 | D:3      | Reached skill level 2 in Fighting
  2030 | D:2      | HP: 5/34 [phantom (4)]
  2036 | D:2      | HP: 2/34 [phantom (4)]
  2327 | D:3      | Found a burning altar of Makhleb.
  2328 | D:3      | Found a glowing silver altar of Zin.
  2330 | D:3      | Found a hide-covered altar of Uskayaw.
  2331 | D:3      | Found a hazy altar of Hepliaklqana.
  2337 | D:3      | Became a worshipper of Makhleb the Destroyer
  2372 | D:3      | Reached XP level 5. HP: 37/39 MP: 0/0
  2372 | D:3      | Learned a level 2 spell: Searing Ray
  2463 | D:3      | Found an opulent altar of Gozag.
  2742 | D:3      | Found a broken altar of Ashenzari.
  2921 | D:4      | You are sucked into a shaft and drop 1 floor!
  2921 | D:5      | Entered Level 5 of the Dungeon
  2940 | D:5      | Reached skill level 3 in Fighting
  3061 | D:5      | Reached skill level 1 in Invocations
  3066 | D:5      | Reached skill level 2 in Maces & Flails
  3066 | D:5      | Upgraded the game from 0.28-a0-915-gcd63401287 to
                  | 0.28-a0-925-gd5e1996cdb
  3137 | D:4      | Noticed an ogre
  3137 | D:4      | Found Arezau Goaly's Distillery.
  3141 | D:4      | Killed an ogre
  3142 | D:4      | Reached skill level 4 in Fighting
  3142 | D:4      | Reached XP level 6. HP: 15/47 MP: 0/0
  3152 | D:4      | Bought a potion of heal wounds for 70 gold pieces
  3375 | D:5      | Found a shimmering altar of Xom.
  3437 | D:5      | Reached XP level 7. HP: 19/53 MP: 0/0
  3437 | D:5      | Learned a level 2 spell: Poisonous Vapours
  3795 | D:4      | Reached skill level 5 in Fighting
  3864 | D:4      | Found a white marble altar of Elyvilon.
  3905 | D:4      | Found a runed translucent gate.
  3906 | D:4      | Found a runed translucent gate.
  3907 | D:4      | Found a runed translucent gate.
  3909 | D:4      | Noticed kMk's ghost (amateur DjFE)
  4092 | D:4      | Reached * piety under Makhleb
  4346 | D:4      | Noticed Eustachio
  4370 | D:4      | HP: 5/54 [white imp/puff of frost[Eustachio] (4)]
  4377 | D:4      | HP: 4/54 [shadow imp/nerve-wracking pain[Eustachio] (14)]
  4417 | D:4      | Upgraded the game from 0.28-a0-925-gd5e1996cdb to
                  | 0.28-a0-932-g843f935a50
  4421 | D:4      | Killed Eustachio
  4422 | D:4      | Reached skill level 6 in Fighting
  4422 | D:4      | Reached XP level 8. HP: 12/61 MP: 0/0
  4806 | D:5      | Found Emukhlooj's Assorted Antiques.
  5102 | D:5      | Identified the +11 hand axe of the Shining Light {spect,
                  | +Blink Fly Will- Int+5}
  5141 | D:5      | Found Qisu's Elemental Accessories.
  5203 | D:5      | Found a sparkling altar of Nemelex Xobeh.
  5345 | D:5      | Found Nexakh's Antique Weapon Shoppe.
  5419 | D:5      | Found a large runed translucent door.
  5420 | D:5      | Found a large runed translucent door.
  5430 | D:5      | Found a snail-covered altar of Cheibriados.
  5438 | D:5      | Found a blossoming altar of Fedhas.
  5445 | D:5      | Reached skill level 7 in Fighting
  5512 | D:6      | Found Guikaer's Jewellery Shop.
  5589 | D:6      | Found a staircase to the Ecumenical Temple.
  5608 | Temple   | Entered the Ecumenical Temple
  5693 | D:6      | Found Kacygh's Antique Weapon Boutique.
  5860 | D:6      | Reached skill level 5 in Spellcasting
  5942 | D:6      | Reached skill level 8 in Fighting
  5942 | D:6      | Reached XP level 9. HP: 68/70 MP: 0/0
  5942 | D:6      | Learned a level 3 spell: Summon Guardian Golem
  5982 | D:6      | Found Tuice's Distillery.
  5993 | D:6      | Bought a potion of curing for 36 gold pieces
  5995 | D:6      | Found Ixauroiwn's Distillery.
  6003 | D:6      | Bought a potion of heal wounds for 60 gold pieces
  6102 | D:6      | Noticed Grinder
  6105 | D:6      | Paralysed by Grinder for 7 turns
  6115 | D:6      | Killed Grinder
  6116 | D:6      | Reached skill level 5 in Maces & Flails
  6373 | D:6      | Reached skill level 9 in Fighting
  6397 | D:6      | Reached skill level 1 in Polearms
  6504 | D:6      | Reached ** piety under Makhleb
  6505 | D:6      | Reached skill level 2 in Polearms
  6559 | D:6      | Found Xeajeshyror's Weapon Shoppe.
  6681 | D:6      | Found a runed translucent door.
  6682 | D:6      | Noticed Crazy Yiuf
  6696 | D:6      | Killed Crazy Yiuf
  6924 | D:7      | Noticed a troll
  6931 | D:7      | Killed a troll
  6932 | D:7      | Reached skill level 10 in Fighting
  6936 | D:7      | Reached XP level 10. HP: 64/80 MP: 0/0
  7163 | D:7      | Reached skill level 11 in Fighting
  7575 | D:7      | Reached *** piety under Makhleb
  8245 | D:8      | Reached skill level 1 in Axes
  8331 | D:8      | Identified the +2 robe of Impermeability {rPois Will-
                  | Slay+4 SInv}
  8339 | D:8      | Reached skill level 12 in Fighting
  8339 | D:8      | Reached skill level 2 in Axes
  8658 | D:8      | Found a runed translucent gate.
  8661 | D:8      | Found a runed translucent gate.
  8662 | D:8      | Found a runed translucent gate.
  8663 | D:8      | Noticed Samael12321's ghost (novice DrCj)
  9040 | D:8      | Noticed a boulder beetle
  9060 | D:8      | Killed a boulder beetle
  9061 | D:8      | Reached XP level 11. HP: 79/90 MP: 0/0
  9061 | D:8      | Learned a level 4 spell: Petrify
  9136 | D:8      | Noticed a centaur warrior
  9144 | D:8      | Killed a centaur warrior
  9382 | D:8      | Reached skill level 13 in Fighting
  9430 | D:8      | Noticed a cyclops
  9450 | D:8      | Killed a cyclops
  9521 | D:8      | Noticed a two-headed ogre
  9541 | D:8      | Killed a two-headed ogre
 10002 | D:9      | Acquired 749 gold pieces
 10475 | D:9      | Reached **** piety under Makhleb
 11020 | D:10     | Entered Level 10 of the Dungeon
 11039 | D:10     | Reached skill level 2 in Invocations
 11137 | D:10     | Found a transporter.
 11140 | D:10     | Found a transporter.
 11145 | D:10     | Found a bloodstained altar of Trog.
 11145 | D:10     | Noticed a moth of wrath
 11145 | D:10     | Noticed kae's ghost (novice DsBe)
 11147 | D:10     | Noticed a two-headed ogre
 11151 | D:10     | Noticed a deep troll
 11152 | D:10     | Noticed a two-headed ogre
 11245 | D:10     | Identified the +1 pair of boots "Piyprub" {Dex+4}
 11251 | D:10     | Identified the +1 falchion "Wire" {flame, Stlth+}
 11338 | D:10     | Found a staircase to the Lair.
 11562 | D:10     | Noticed a two-headed ogre
 11584 | D:10     | Killed a two-headed ogre
 11585 | D:10     | Reached skill level 5 in Axes
 11621 | D:10     | Reached XP level 12. HP: 96/98 MP: 0/0
 11813 | Lair:1   | Entered Level 1 of the Lair of Beasts
 12563 | Lair:1   | Reached ***** piety under Makhleb
 12672 | Lair:1   | Reached skill level 14 in Fighting
 12918 | Lair:1   | Noticed an eight-headed hydra
 12935 | Lair:1   | Killed an eight-headed hydra
 13315 | Lair:1   | Noticed a four-headed hydra
 13325 | Lair:1   | Killed a four-headed hydra
 13497 | Lair:2   | Noticed a six-headed hydra
 13502 | Lair:2   | Reached skill level 5 in Invocations
 13504 | Lair:2   | Killed a six-headed hydra
 13857 | Lair:2   | Found the +0 staff of Battle
 14199 | Lair:2   | Identified the +8 long sword of the Unliving {holy, Fly
                  | Dex+4}
 14244 | Lair:2   | Noticed a four-headed hydra
 14667 | Lair:3   | Reached XP level 13. HP: 84/106 MP: 0/0
 14667 | Lair:3   | Learned a level 5 spell: Lee's Rapid Deconstruction
 15086 | Lair:3   | Identified the +3 leather armour of the Midnight Sun {rF+}
 15124 | Lair:3   | Noticed a catoblepas
 15138 | Lair:3   | Killed a catoblepas
 16501 | Lair:2   | Killed a ten-headed hydra
 16662 | Lair:2   | Found a hole to the Spider Nest.
 17466 | Lair:4   | Found a staircase to the Shoals.
 17833 | Lair:4   | Acquired 742 gold pieces
 18061 | D:6      | Bought the +8 trident of the Octopus King {venom, rElec
                  | rPois Will+} for 1632 gold pieces
 18061 | D:6      | Found the +8 trident of the Octopus King {venom, rElec
                  | rPois Will+}
 18164 | D:10     | Reached skill level 15 in Fighting
 18389 | Lair:4   | Found an ornate altar of the Wu Jian Council.
 18389 | Lair:4   | Noticed a boulder beetle
 18391 | Lair:4   | Found a hide-covered altar of Uskayaw.
 18401 | Lair:4   | Killed a boulder beetle
 18702 | Lair:4   | Reached skill level 10 in Spellcasting
 19814 | Lair:5   | Found a dark tunnel.
 19828 | Volcano  | Entered a volcano
 20088 | Volcano  | Reached XP level 14. HP: 56/114 MP: 0/0
 20347 | Volcano  | Identified the +0 pair of gloves "Piwem" {Regen+ Dex+3
                  | Stlth-}
 20739 | Lair:5   | Found a staircase to the Slime Pits.
 20746 | Lair:5   | Reached skill level 5 in Polearms
 21363 | Lair:6   | Entered Level 6 of the Lair of Beasts
 21613 | Lair:6   | HP: 15/115 [small abomination (9)]
 21635 | Lair:6   | Paralysed by a floating eye for 4 turns
 21732 | Lair:6   | Reached ****** piety under Makhleb
 22019 | Lair:6   | Reached skill level 16 in Fighting
 22165 | Lair:6   | Reached XP level 15. HP: 92/121 MP: 0/0
 22165 | Lair:6   | Learned a level 6 spell: Iron Shot
 22572 | Lair:6   | Found a corrupted altar of Lugonu.
 22572 | Lair:6   | Found a one-way gate to the infinite horrors of the Abyss.
 23179 | D:11     | Noticed Sonja
 23183 | D:11     | Killed Sonja
 23793 | D:12     | Found a staircase to the Orcish Mines.
 23808 | D:12     | Reached skill level 10 in Invocations
 25593 | D:15     | Entered Level 15 of the Dungeon
 25593 | D:15     | Found a staircase to the Depths.
 25619 | D:15     | Found a gate leading to a gauntlet.
 25662 | Gauntlet | Entered a Gauntlet
 25662 | Gauntlet | Found a transporter.
 25662 | Gauntlet | Found a transporter.
 25663 | Gauntlet | Found a transporter.
 25666 | Gauntlet | Found a transporter.
 25666 | Gauntlet | Found a transporter.
 25666 | Gauntlet | Found a transporter.
 25680 | Gauntlet | Found a transporter.
 25682 | Gauntlet | Found a transporter.
 25690 | Gauntlet | Found a transporter.
 25797 | Gauntlet | Found a transporter.
 25798 | Gauntlet | Found a transporter.
 25809 | Gauntlet | Found a transporter.
 25892 | Gauntlet | Identified the +1 pair of gloves of Devotion {rF+}
 25923 | Gauntlet | Identified the +0 pair of gloves "Dubbonaz" {rF- rCorr
                  | Str+4 Slay+2}
 25961 | Gauntlet | Identified the +2 cloak of Nurhamod {Rampage rPois rN+}
 25984 | Gauntlet | Identified the +4 short sword "Uwuchuz" {chaos, rC+ Int+2}
 25994 | Gauntlet | HP: 8/122 [minotaur (45)]
 25994 | Gauntlet | Demolished by a minotaur

Illustrated notes

Levels and vault maps discovered:
D:1:      roderic_octagonal_star, layout_loops_ring,
          shapermc_ecumenical_altar_mp_ritualfount, serial_bayou_ford_a,
          minmay_cut_off
D:2:      layout_loops_cross, serial_shops, nicolae_shop_hallway_stairs
D:3:      layout_rooms, mainiacjoe_overflow_catwalk,
          chequers_temple_overflow_statue_of_worship,
          mainiacjoe_overflow_boulevard, serial_glass, glass_columns_b,
          glass_columns_a, minmay_randomly_rotated_circles
D:4:      layout_loops_ring, kennysheep_little_box,
          gammafunk_ghost_nasty_kobolds, serial_shops, nicolae_take_the_stairs,
          serial_glass, glass_columns_b, glass_columns_b, glass_columns_a,
          glass_columns_a, glass_columns_a, uniq_eustachio
D:5:      layout_cave_pools, nemelex_diamond_rough_becter, led_xom_imps,
          jmf_multi_god_temple2, serial_shops, shop_fountains,
          nicolae_shop_overgrown_old_shop, nicolae_elemental_shop
D:6:      minmay_recursive_quarters, layout_basic, nicolae_vehumet_altar_sigil,
          amcnicky_altar_gilded, minmay_temple_entry_water_ring, serial_shops,
          shop_fountains, nicolae_shop_bloodbath_and_beyond, shop,
          nicolae_shop_stone, shop, roderic_roman_lattice,
          hangedman_decor_clover_reticule, uniq_crazy_yiuf_cottage, uniq_grinder
D:7:      hangedman_cross_stitches, layout_cave_pools, serial_co_window_serial,
          co_window_corner_a, co_window_corner_a, co_window_corner_a,
          co_window_corner_a, co_window_corner_a, co_window_unsneaky_path_a,
          co_window_corner_b, co_window_of_opportunity_c, co_window_paths_c,
          co_window_2corner, co_window_corner_ca, co_window_of_opportunity_b,
          co_window_4corner_a, co_window_paths_d, glass_columns_a,
          glass_columns_a, glass_columns_a, glass_columns_c
D:8:      layout_layer_cave, gammafunk_ghost_spectres, minmay_shattered_shrine
D:9:      layout_irregular_city
D:10:     layout_small_grid, dpeg_oklobed_lair,
          gammafunk_ghost_wrathful_warriors
D:11:     layout_roguey, uniq_sonja
D:12:     layout_loops_corners, minmay_orc_entry_temple_small
D:13:     layout_long_grid
D:14:     layout_long_grid, grunt_vaults_entry_tiered, enter_trove_6,
          minmay_tree_intersection, uniq_josephine
D:15:     gammafunk_depths_entry_grave, layout_loops_ring,
          hangedman_decor_points, gauntlet_entry_generic
Temple:   dpeg_three_leaves_temple
Lair:1:   layout_roguey, infiniplex_staircase_pool, serial_bayou_shore_b
Lair:2:   nzn_winding_woodlands_stair_trap [nzn_winding_woodlands_5x15_crooked,
          nzn_winding_woodlands_5x15_lazy_stream,
          nzn_winding_woodlands_5x15_parted,
          nzn_winding_woodlands_15x15_eel_pit,
          nzn_winding_woodlands_5x15_concentric,
          nzn_winding_woodlands_5x15_river_crossing,
          nzn_winding_woodlands_5x15_default], layout_chaotic_city,
          spider_nest_entry_a, beast_lair_carwin_6, serial_bayou_shore_b,
          serial_bayou_shore_b
Lair:3:   layout_small_grid, infiniplex_staircase_pool_2
Lair:4:   layout_layer_cave, shoals_dummy_entry, nzn_masters_of_martial_movement
Lair:5:   layout_misc_corridors, minmay_slime_entry_oklob_open, enter_volcano_4,
          st_stairs_13, lemuel_fruit_fields
Lair:6:   hellmonk_lair_end_abyssal_woods, layout_regular_city
Gauntlet: gammafunk_gauntlet_hard_choice
          [gammafunk_gauntlet_arena_split_diamond, nicolae_gauntlet_swirl,
          gammafunk_gauntlet_arena_split_x,
          gammafunk_gauntlet_arena_arrow_garden, nicolae_gauntlet_arena_t_cross,
          gammafunk_gauntlet_arena_grid, nicolae_gauntlet_exit_dead_adventurers]

Skill      XL: |  1  2  3  4  5  6  7  8  9 10 11 12 13 14 15 |
---------------+----------------------------------------------+-----
Fighting       | 1 2 4 6 8 10 12 13 14 15 16 | 16.6
Maces & Flails | 1 2 3 4 5 |  5.1
Spellcasting   | 3 4 5 6 7 8 9 10 11 | 11.5
Invocations    | 1 2 5 7 9 10 | 10.7
Polearms       | 2 4 6 7 |  7.6
Axes           | 3 5 6 7 |  7.6
Dodging        | |  2.1
Stealth        | |  1.5

Action                   |  1- 3 |  4- 6 |  7- 9 | 10-12 | 13-15 || total
-------------------------+-------+-------+-------+-------+-------++-------
Melee: Whip              |     7 |    27 |    40 |    12 |       ||    86
       Hand axe          |       |       |    60 |   250 |   504 ||   814
       Staff             |       |       |       |     7 |     2 ||     9
       Trident           |       |       |       |       |    56 ||    56
       Battleaxe         |       |       |       |       |    24 ||    24
       Morningstar       |       |       |       |       |     8 ||     8
 Cast: Foxfire           |    30 |    33 |    35 |     2 |     6 ||   106
       Scorch            |     1 |    14 |    16 |    26 |     4 ||    61
       Poisonous Vapours |       |       |    21 |    28 |    32 ||    81
       Searing Ray       |       |       |     2 |       |       ||     2
       Inner Flame       |       |       |     2 |     4 |     7 ||    13
       Flame Wave        |       |       |       |     9 |     1 ||    10
       Petrify           |       |       |       |     4 |    30 ||    34
       Summon Guardian G |       |       |       |     1 |     1 ||     2
       Pain              |       |       |       |     4 |     3 ||     7
       Conjure Flame     |       |       |       |     2 |       ||     2
       Lee's Rapid Decon |       |       |       |       |    26 ||    26
Invok: Lesser Servant of |       |       |       |     1 |       ||     1
Evoke: Wand              |       |     1 |       |       |       ||     1
  Use: Scroll            |     2 |     4 |     7 |    11 |    10 ||    34
       Potion            |       |       |     2 |       |       ||     2
 Stab: Sleeping          |       |       |     1 |     1 |     1 ||     3
       Distracted        |       |       |     1 |     7 |    16 ||    24
       Petrified         |       |       |       |    15 |    20 ||    35
       Petrifying        |       |       |       |       |     2 ||     2
Armor: Robe              |     4 |    11 |    39 |    80 |   155 ||   289
       Leather armour    |       |       |       |       |     2 ||     2
Dodge: Dodged            |    10 |    25 |    89 |   219 |   331 ||   674
Block: Other             |       |       |       |       |    42 ||    42
       Reflection        |       |       |       |       |    10 ||    10

Table legend: (Time is in decaauts)
 A = Elapsed time spent in this place.
 B = Non-inter-level travel time spent in this place.
 C = Inter-level travel time spent in this place.
 D = Time resting spent in this place.
 E = Time spent auto-exploring this place.
 F = Levels seen in this place.
 G = Mean time per level.
                   A        B        C        D        E       F      G
               +--------+--------+--------+--------+--------+-----+--------+
         Total |  25937 |  24391 |   1546 |   3072 |  17201 |  24 | 1080.7 |
       Dungeon |  15193 |  14458 |    735 |   1285 |  10885 |  15 | 1012.9 |
        Temple |     80 |     65 |     15 |      0 |     58 |   1 |   80.0 |
          Lair |   9789 |   8993 |    796 |   1545 |   6057 |   6 | 1631.5 |
       Volcano |    548 |    548 |      0 |    241 |     59 |   1 |  548.0 |
      Gauntlet |    325 |    325 |      0 |      0 |    142 |   1 |  325.0 |
               +--------+--------+--------+--------+--------+-----+--------+

Top non-repeatable levels by time:
  Lair:4: 1994 daAuts
  Lair:2: 1970 daAuts
  Lair:3: 1877 daAuts
     D:8: 1806 daAuts
  Lair:1: 1603 daAuts
     D:7: 1420 daAuts
     D:6: 1406 daAuts
     D:4: 1385 daAuts
  Lair:6: 1298 daAuts
     D:5: 1259 daAuts
     D:9: 1133 daAuts
    D:10: 1125 daAuts
    D:12: 1078 daAuts
  Lair:5: 1044 daAuts
     D:1: 1033 daAuts
